Map: Divergence LE

Players

Massa

  • Race: Terran Terran
  • League: Platinum
  • Spawn Location: 5:00

qqq

  • Race: Zerg Zerg
  • League: Platinum
  • Spawn Location: 5:00

Kampfkolos - Winner!

  • Race: Terran Terran
  • Spawn Location: 11:00

DDevill - Winner!

  • Race: Terran Terran
  • Spawn Location: 11:00

VOD

Have the link to the VOD?

Description

Time

  • Played on: Sept. 26, 2020, 4:28 p.m.
  • Length: 27:04
Show
View Real Time Build Order
Export as new Build Order

Massa Terran 

Build Orders: Reaper Expand 

Get SALT Encoding   

  12  0:00  SCV  
  13  0:12  SCV  
  14  0:21  Supply Depot  
  14  0:24  SCV  
  15  0:45  SCV, Barracks  
  16  0:50  Refinery  
  16  0:57  SCV  
  17  1:09  SCV  
  18  1:21  SCV  
  19  1:33  SCV  
  19  1:47  Orbital Command, Reaper  
  19  1:50  Supply Depot  
  20  2:00  Command Center  
  20  2:11  Factory  
  20  2:20  SCV  
  21  2:23  Marine  
  22  2:32  SCV  
  23  2:41  Barracks Reactor  
  23  2:44  SCV  
  23  2:50  Command Center  
  24  3:19  Marine x2  
  25  3:21  Factory Tech Lab  
  25  3:22  Orbital Command  
  25  3:25  Barracks  
  25  3:31  Barracks  
  25  3:35  SCV, Engineering Bay  
  25  3:37  Marine  
  27  3:42  Siege Tank  
  27  3:44  Marine  
  31  3:55  Marine  
  32  4:08  Orbital Command  
  32  4:14  Refinery, Orbital Command, Siege Tank  
  35  4:30  SCV  
  36  4:34  SCV  
  37  4:39  Marine x2  
  37  4:40  Barracks Tech Lab  
  37  4:42  SCV  
  40  4:49  Missile Turret  
  41  4:54  SCV  
  41  4:57  Marine  
  41  5:07  SCV  
  42  5:09  Missile Turret  
  42  5:15  SCV  
  42  5:19  SCV  
  44  5:21  Terran Infantry Weapons Level 1  
  44  5:27  Barracks Reactor, SCV  
  42  5:31  SCV  
  37  5:36  Marauder  
  37  5:39  SCV  
  37  5:40  Marine x2  
  42  5:57  Marauder  
  42  5:58  Marine  
  42  6:01  Orbital Command  
  45  6:20  Missile Turret  
  45  6:23  Missile Turret  
  45  6:24  SCV x2  
  47  6:36  SCV x2, Barracks  
  47  6:38  Starport  
  49  6:42  Barracks  
  49  6:48  SCV x2  
  51  7:07  SCV x3  
  54  7:19  SCV  
  54  7:20  SCV x2  
  57  7:40  Barracks Reactor x2, Marauder  
  59  7:59  Command Center  
  59  8:01  Stimpack  
  59  8:13  Supply Depot  
  59  8:15  Supply Depot  
  59  8:16  Missile Turret, Supply Depot  
  59  8:19  Refinery  
  59  8:21  Refinery  
  59  8:25  Supply Depot x3  
  59  8:31  SCV x2  
  61  8:35  SCV, Siege Tank  
  61  8:38  Supply Depot  
  61  8:40  Supply Depot  
  65  8:42  Supply Depot  
  65  8:43  SCV x2  
  67  8:49  Supply Depot  
  67  8:51  Supply Depot x2  
  67  9:07  Siege Tank  
  67  9:09  Missile Turret  
  70  9:10  Orbital Command  
  70  9:11  Terran Infantry Armor Level 1  
  70  9:15  Armory  
  70  9:17  Engineering Bay  
  70  9:22  Supply Depot x2  
  70  9:23  Supply Depot  
  70  9:24  Marauder, Supply Depot  
  70  9:25  Marine x2  
  70  9:26  Marine  
  70  9:29  Missile Turret  
  75  9:34  Marine x3  
  75  9:35  Marine x2  
  80  9:39  Siege Tank  
  80  9:43  Marine x2  
  80  9:44  Marine  
  80  9:45  Supply Depot  
  86  9:46  Marauder  
  86  9:48  Supply Depot  
  86  9:49  Missile Turret, Supply Depot  
  86  9:52  Marine x2  
  90  9:54  SCV  
  90  9:55  SCV x3  
  94  10:04  Marine  
  94  10:05  Marine x5  
  94  10:06  SCV  
  102  10:07  SCV x3, Marauder  
  102  10:08  Missile Turret, Combat Shield  
  102  10:09  Supply Depot  
  102  10:10  Marine x2  
  102  10:12  Medivac  
  110  10:22  Marine x2  
  112  10:28  Marauder  
  112  10:31  Missile Turret x2  
  114  10:37  Marine  
  114  10:38  Marine x5  
  114  10:40  Marine x2  
  114  10:42  Medivac  
  126  10:50  Marauder  
  126  10:52  Missile Turret  
  126  10:54  Orbital Command  
  126  10:55  Marine x2, Missile Turret  
  126  10:56  Marine x4  
  132  10:58  Marine x2  
  132  10:59  Refinery  
  132  11:01  Refinery  
  136  11:11  Marauder  
  136  11:12  Missile Turret  
  136  11:13  Marine x3  
  136  11:16  Missile Turret  
  134  11:32  Missile Turret  
  130  11:33  Marauder  
  130  11:38  Missile Turret  
  123  11:47  Siege Tank  
  123  11:50  Marine x6  
  123  11:51  Marine x2  
  123  11:53  Missile Turret  
  136  11:54  Marauder, Concussive Shells  
  136  12:07  Marine  
  136  12:08  SCV x4, Marine x5  
  140  12:09  Marine x2  
  140  12:14  Supply Depot  
  150  12:15  Marauder  
  150  12:18  Supply Depot  
  150  12:19  Siege Tank  
  153  12:25  Marine  
  153  12:26  Marine x6  
  153  12:27  Marine  
  156  12:37  Marauder  
  156  12:43  Marine  
  156  12:44  Marine x7  
  138  12:51  Siege Tank  
  128  12:58  Marauder  
  128  13:01  Marine  
  123  13:20  Marauder  
  86  13:35  Marine x8  
  86  13:37  Siege Tank  
  86  13:41  Marauder  
  99  13:52  Marine  
  99  13:53  Marine x7  
  107  14:02  Marauder  
  109  14:09  Siege Tank  
  112  14:10  Marine  
  112  14:11  Marine x7  
  109  14:24  Marauder  
  105  14:28  Marine x2  
  105  14:29  Marine x6  
  113  14:32  Factory  
  113  14:35  Barracks, Factory  
  113  14:36  SCV x4  
  117  14:41  Siege Tank  
  117  14:45  Marauder  
  122  14:46  Marine x6  
  122  14:47  Marine x2  
  122  14:48  SCV x4  
  134  15:01  Terran Infantry Armor Level 2, Terran Infantry Weapons Level 2  
  134  15:03  Terran Vehicle And Ship Armor Level 1  
  134  15:04  Marine x8  
  134  15:06  Armory, Marauder  
  144  15:19  Barracks  
  144  15:21  Barracks  
  144  15:28  Marauder  
  127  15:47  Marine x8  
  127  15:49  Marauder  
  137  15:54  Medivac  
  139  16:05  Marine x8  
  139  16:11  Marauder  
  149  16:15  Supply Depot  
  149  16:19  Refinery  
  149  16:22  Marine  
  149  16:23  Factory Tech Lab, Marine x7  
  149  16:24  Factory Tech Lab, Medivac  
  159  16:28  Barracks Tech Lab x2  
  159  16:32  Barracks Reactor, Marauder  
  161  16:38  Supply Depot  
  161  16:40  Marine  
  161  16:41  Marine x7  
  169  16:50  Starport  
  169  16:52  Starport  
  169  16:53  Marauder  
  171  16:54  Medivac  
  173  17:01  Supply Depot  
  173  17:15  Marauder  
  172  17:18  Orbital Command  
  166  17:23  Supply Depot  
  166  17:42  Thor x3  
  184  17:47  Terran Vehicle Weapons Level 1  
  180  18:24  Thor  
  180  18:25  Thor x2  
  145  18:34  Marauder  
  145  18:35  Marauder x2, Marine  
  145  18:36  Marine x9  
  161  18:53  Marine x6  
  161  18:54  Marine x4  
  171  18:56  Marauder x3  
  177  19:07  Thor  
  183  19:11  Marine x10  
  187  19:17  Marine x3  
  190  19:26  Viking  
  190  19:28  Marine  
  190  19:29  Marine x7  
  200  19:35  Marine  
  166  19:46  Marine  
  166  19:47  Marine  
  166  19:50  Marauder x2  
  166  19:51  Marine x4  
  166  19:52  Marine x4  
  177  19:53  Marauder  
  177  19:56  Viking  
  181  20:04  Marine  
  181  20:05  Marine  
  181  20:09  Marine x8  
  181  20:11  Marauder, Marine  
  192  20:14  Marine  
  193  20:22  Marine x2  
  193  20:26  Viking  
  193  20:27  Marine x3  
  200  20:49  Marine x4  
  167  20:50  Marauder x3, Marine x4  
  167  20:56  Viking  
  153  21:11  Marauder  
  129  21:21  Marauder x2  
  129  21:22  Marine x8  
  129  21:23  Marine x2  
  141  21:33  Marauder  
  141  21:39  Marine  
  141  21:40  Marine x4  
  146  21:56  Siege Tank  
  140  22:48  Command Center  
  120  24:03  Medivac  
  120  24:06  Planetary Fortress  
  121  24:33  Medivac  
  123  24:44  Marauder  
  123  24:45  Marauder x2, Marine x5  
  109  24:59  Marine  
  67  25:00  Marine x4  
  67  25:02  Marine, Medivac  
  67  25:06  Marauder x3  
  77  25:27  Marauder x2  
  77  25:28  Marauder, Marine x2  
  60  25:29  Marine x8  
  60  25:32  Orbital Command  
  70  25:46  Marine  
  70  25:47  Siege Tank  
  70  25:49  Marauder x3  
  80  25:58  SCV  
  79  26:10  Marauder x2  
  68  26:25  Marauder  
  56  26:31  Marauder  
  56  26:32  Marauder  
Show
View Real Time Build Order
Export as new Build Order

qqq Zerg 

Build Orders: Hatch First, Swarm Host 

Get SALT Encoding   

  12  0:01  Drone  
  13  0:08  Drone  
  14  0:36  Hatchery  
  14  0:40  Drone  
  14  0:56  Spawning Pool  
  13  1:03  Overlord  
  13  1:07  Drone  
  14  1:12  Extractor  
  14  1:14  Drone  
  14  1:22  Drone  
  15  1:30  Drone  
  16  1:37  Drone  
  17  1:48  Drone x2  
  17  1:49  Queen  
  21  2:01  Drone  
  21  2:02  Drone  
  22  2:10  Drone  
  22  2:13  Drone  
  24  2:18  Metabolic Boost  
  24  2:21  Drone  
  25  2:25  Zergling x2  
  25  2:29  Queen  
  28  2:34  Overlord  
  28  2:40  Overlord  
  28  2:56  Lair  
  28  2:59  Drone x3  
  31  3:07  Zergling x4  
  31  3:08  Zergling x4  
  35  3:18  Drone  
  35  3:19  Zergling x2  
  37  3:23  Drone  
  38  3:27  Drone, Roach Warren  
  38  3:32  Drone  
  39  3:35  Zergling x2  
  39  3:39  Drone x2  
  39  3:40  Drone, Extractor  
  42  3:42  Drone  
  43  3:59  Drone  
  43  4:00  Overlord  
  44  4:15  Overlord  
  44  4:26  Spire  
  44  4:28  Zergling x6  
  44  4:29  Drone x3  
  49  4:37  Drone x2  
  49  4:38  Zergling x2  
  52  4:43  Overlord  
  52  4:56  Overlord  
  52  4:58  Glial Reconstitution  
  43  5:17  Roach x4  
  43  5:18  Roach x6  
  54  5:35  Roach  
  54  5:36  Roach x3  
  56  5:44  Roach  
  51  6:09  Overlord x2  
  51  6:10  Drone  
  51  6:11  Drone  
  53  6:15  Spore Crawler x2  
  53  6:16  Extractor, Spine Crawler, Queen  
  53  6:18  Drone, Extractor  
  51  6:22  Drone x2  
  51  6:25  Queen  
  55  6:36  Drone x2  
  57  6:40  Mutalisk  
  57  6:42  Hatchery  
  58  6:49  Drone  
  58  6:50  Drone  
  60  7:05  Mutalisk  
  60  7:06  Mutalisk  
  64  7:22  Roach  
  63  7:31  Mutalisk  
  65  7:41  Drone x3  
  65  7:42  Drone x3  
  69  8:03  Drone, Mutalisk x2  
  74  8:08  Drone x2  
  76  8:18  Spore Crawler  
  76  8:19  Drone x2, Spore Crawler x2  
  75  8:20  Drone x2  
  77  8:29  Mutalisk  
  77  8:30  Mutalisk  
  77  8:32  Drone  
  77  8:33  Drone  
  83  8:38  Drone  
  83  8:39  Evolution Chamber  
  83  8:40  Infestation Pit  
  82  8:49  Nydus Network  
  82  8:53  Drone x2  
  82  8:54  Drone  
  82  8:55  Drone x2  
  86  9:00  Roach x2  
  86  9:02  Overlord x2  
  90  9:05  Spine Crawler  
  90  9:08  Spine Crawler x2  
  90  9:09  Drone x2  
  90  9:10  Drone  
  90  9:11  Spore Crawler  
  89  9:20  Queen  
  91  9:25  Swarm Host  
  91  9:26  Swarm Host x3  
  103  9:32  Drone x2  
  103  9:35  Overlord  
  105  9:55  Overlord x4  
  105  10:04  Nydus Canal  
  105  10:06  Overlord x4  
  105  10:07  Overlord  
  105  10:08  Drone  
  106  10:43  Mutalisk x3  
  106  10:45  Roach x4  
  106  10:47  Drone x3  
  123  10:57  Hatchery  
  123  11:02  Hatchery  
  119  11:20  Spine Crawler  
  119  11:21  Drone x2, Spine Crawler  
  119  11:22  Drone, Spine Crawler  
  119  11:23  Spine Crawler  
  90  11:47  Swarm Host x2  
  90  11:48  Swarm Host x3  
  90  11:49  Swarm Host  
  108  12:10  Nydus Canal  
  108  12:21  Mutalisk x5  
  118  12:42  Roach x2  
  118  12:43  Roach  
  114  12:53  Mutalisk x2  
  116  13:07  Nydus Canal  
  116  13:10  Drone x3  
  119  13:15  Roach x4  
  124  13:39  Swarm Host  
  124  13:40  Swarm Host x5  
  142  13:55  Nydus Canal  
  142  14:28  Hatchery  
  135  14:34  Hatchery  
  128  15:07  Nydus Canal  
  128  15:13  Hatchery  
  112  16:12  Overseer  
  112  16:15  Pneumatized Carapace  
  112  16:19  Hive  
  112  16:23  Hydralisk Den  
  110  16:53  Evolution Chamber  
  109  16:55  Evolution Chamber  
  109  16:56  Lurker Den  
  109  16:59  Nydus Canal  
  105  18:07  Mutalisk  
  105  18:08  Mutalisk x8  
  114  18:44  Hatchery  
  113  18:50  Hatchery  
  113  18:52  Corruptor  
  113  18:53  Hatchery, Corruptor x4  
  103  19:42  Nydus Canal  
  73  19:45  Swarm Host x2  
  73  19:47  Roach x4  
  81  20:08  Nydus Canal  
  81  20:23  Roach x2  
  81  20:24  Roach x7  
  99  20:36  Overseer  
  99  20:38  Mutalisk x2  
  103  21:03  Drone x6  
  103  21:04  Drone x3  
  112  21:10  Nydus Canal  
  104  21:29  Nydus Canal  
  104  21:39  Drone x4  
  109  21:40  Drone x5  
  113  21:51  Roach x2  
  113  21:52  Roach x2  
  115  22:18  Swarm Host x4  
  115  22:20  Swarm Host x2  
  115  22:21  Swarm Host  
  136  22:23  Drone x5  
  136  22:24  Drone  
  135  22:42  Spore Crawler x2  
  135  22:43  Spore Crawler  
  123  22:44  Spine Crawler, Spore Crawler  
  104  23:07  Drone x2  
  106  23:22  Hatchery  
  105  23:43  Mutalisk x2  
  105  23:44  Mutalisk x2  
  111  24:20  Extractor  
  111  24:21  Drone x3  
  111  24:22  Extractor  
  104  25:57  Drone x3  
  91  26:25  Roach x6  
Show
View Real Time Build Order
Export as new Build Order

Kampfkolos Terran - Winner!

Build Orders:  

Get SALT Encoding   

  12  0:02  SCV  
  14  0:14  SCV  
  14  0:21  Supply Depot  
  14  0:26  SCV  
  15  0:30  Refinery  
  15  0:47  Barracks  
  15  0:50  SCV  
  16  1:02  SCV  
  17  1:07  Barracks  
  17  1:14  SCV  
  18  1:28  Barracks  
  18  1:31  SCV  
  19  1:38  Refinery  
  19  1:41  Reaper  
  19  1:49  SCV  
  20  1:57  Supply Depot  
  20  2:13  Reaper  
  21  2:19  Reaper  
  21  2:21  Reaper  
  23  2:24  SCV, Supply Depot  
  24  2:37  SCV  
  25  2:45  Reaper  
  26  2:51  Orbital Command  
  26  2:53  Reaper x2  
  28  3:17  Reaper  
  29  3:21  SCV  
  29  3:25  Reaper x2  
  32  3:33  SCV  
  33  3:43  Command Center  
  33  3:49  Reaper  
  33  3:52  Bunker  
  33  3:54  SCV  
  35  3:57  Reaper x2  
  37  4:17  SCV  
  37  4:21  Reaper  
  39  4:51  Factory  
  39  4:52  Supply Depot  
  39  4:54  Reaper x3, SCV  
  43  5:06  SCV  
  43  5:18  SCV  
  41  5:30  SCV  
  41  5:34  SCV  
  41  5:37  Reaper x3  
  41  5:42  Engineering Bay  
  44  5:43  SCV  
  44  5:46  Factory Tech Lab, SCV  
  46  5:55  SCV  
  47  5:59  SCV  
  48  6:07  SCV  
  48  6:09  Reaper x2  
  48  6:11  SCV, Cyclone  
  52  6:15  Missile Turret  
  52  6:17  Missile Turret  
  55  6:23  Missile Turret  
  55  6:24  Terran Infantry Weapons Level 1  
  55  6:25  Refinery  
  55  6:27  SCV x2  
  55  6:28  Refinery  
  55  6:31  Missile Turret  
  55  6:32  Missile Turret  
  57  6:37  Missile Turret  
  57  6:38  Reaper  
  57  6:39  SCV x2  
  60  6:41  Reaper  
  60  6:43  Missile Turret  
  61  6:52  Missile Turret  
  61  6:55  SCV  
  62  7:14  Missile Turret  
  62  7:19  Orbital Command  
  62  7:27  Cyclone, Marine x2, SCV  
  62  7:28  Supply Depot  
  68  7:39  SCV  
  69  7:47  Missile Turret  
  69  7:51  SCV  
  70  7:59  Cyclone  
  70  8:04  Missile Turret  
  73  8:07  SCV x2, Missile Turret  
  73  8:11  Missile Turret  
  75  8:14  Missile Turret  
  75  8:18  Terran Infantry Armor Level 1  
  75  8:19  SCV x2  
  77  8:28  Marine  
  77  8:31  Command Center  
  77  8:32  Missile Turret  
  78  8:38  Armory, Supply Depot  
  78  8:39  Barracks Tech Lab  
  78  8:47  Supply Depot  
  78  8:55  Missile Turret  
  78  8:59  SCV x2, Marine x2, Cyclone  
  85  9:04  Marine, Stimpack  
  85  9:05  Starport  
  86  9:17  Marine, Missile Turret  
  86  9:18  Missile Turret  
  86  9:21  Marine  
  88  9:34  Marine  
  89  9:49  Sensor Tower  
  89  9:52  Marine  
  89  9:57  Siege Tank  
  89  9:59  Starport Reactor  
  93  10:10  Marine, Supply Depot x2  
  93  10:12  Supply Depot  
  93  10:13  Planetary Fortress  
  94  10:18  Marine x2  
  94  10:20  Missile Turret  
  96  10:24  Missile Turret x2  
  96  10:28  Marine  
  96  10:29  Siege Tank  
  96  10:32  Supply Depot  
  96  10:36  Marine  
  96  10:37  Marauder  
  93  10:43  Missile Turret  
  93  10:46  Marine  
  93  10:51  Supply Depot  
  93  10:53  Missile Turret  
  93  10:54  Marine  
  94  10:58  Marauder  
  96  11:11  Missile Turret  
  96  11:15  Missile Turret  
  96  11:18  Refinery  
  96  11:19  Refinery, Marauder  
  94  11:32  Missile Turret  
  90  11:41  Marauder  
  90  11:46  Siege Tank  
  94  11:51  Marine x2  
  94  11:52  Factory x2  
  94  11:54  Terran Infantry Weapons Level 2  
  96  12:00  Armory  
  96  12:02  Engineering Bay, Marine, Terran Vehicle Weapons Level 1  
  97  12:09  Marine x2  
  99  12:18  Siege Tank  
  99  12:19  Marine  
  103  12:27  Marine x2  
  104  12:37  Marine  
  103  12:44  Marine  
  64  13:04  Marine x2  
  64  13:05  Marine  
  67  13:09  Factory Tech Lab x2, Thor  
  72  13:22  Marine x2  
  72  13:23  Marauder  
  55  13:40  Marine x2  
  57  13:44  Marauder  
  57  13:48  Liberator x2  
  59  13:51  Siege Tank x2  
  59  13:52  Thor  
  77  13:57  SCV x3  
  77  13:58  Marine  
  81  14:06  Marauder  
  81  14:09  Terran Infantry Armor Level 2, SCV x3  
  85  14:21  SCV x2  
  85  14:23  Siege Tank  
  90  14:27  Marauder  
  92  14:54  SCV x3  
  95  15:06  SCV x3, Marine x2  
  102  15:07  Marauder  
  102  15:09  Command Center  
  102  15:18  SCV x3  
  105  15:24  Marine x2  
  109  15:28  Marauder  
  109  15:42  Marine x2  
  105  15:50  Marauder, Supply Depot  
  97  16:09  Thor x3  
  97  16:11  Marauder, Marine x2  
  115  16:21  Planetary Fortress  
  115  16:22  Refinery  
  115  16:24  SCV x3  
  118  16:29  Marine x2  
  122  16:32  Marauder  
  122  16:42  Refinery  
  122  16:46  Marine, Command Center  
  122  16:47  Marine  
  123  16:51  Medivac x2  
  123  16:54  Marauder  
  130  17:04  Marine x2  
  132  17:15  Marauder  
  115  17:21  Medivac  
  115  17:22  Marine  
  118  17:37  Marauder  
  117  17:45  Siege Tank x3  
  117  17:48  Marine x2  
  117  17:51  Terran Infantry Weapons Level 3  
  128  17:52  Terran Vehicle Weapons Level 2  
  128  17:57  Marine  
  129  18:05  Marine  
  129  18:06  Marine, Planetary Fortress  
  129  18:08  Refinery  
  131  18:13  Refinery  
  131  18:15  Marine  
  131  18:17  Siege Tank x2  
  138  18:23  Marine x2  
  129  18:33  Marine  
  130  18:38  Thor  
  136  18:41  Marine x2  
  136  18:46  SCV  
  139  18:49  Thor  
  139  18:51  SCV, Marine  
  147  18:58  SCV  
  147  18:59  Marine x2  
  150  19:03  SCV  
  151  19:10  SCV  
  151  19:15  SCV  
  153  19:22  SCV  
  154  19:34  SCV  
  74  19:54  Marine  
  74  19:55  Marauder, Marine  
  74  19:57  Thor x3  
  96  20:12  Marine x2, Terran Infantry Armor Level 3  
  98  20:17  Marauder, Liberator  
  98  20:18  Liberator  
  106  20:30  Marine x2  
  108  20:38  Marauder  
  108  20:39  Thor  
  108  20:40  Thor  
  122  20:48  Marine x2  
  122  20:59  Marauder  
  122  21:00  Liberator  
  108  21:21  Marauder  
  108  21:22  Command Center  
  110  21:39  Marine x2  
  110  21:42  Marine  
  113  21:57  Marine x2  
  113  21:59  Marine  
  116  22:14  Refinery  
  116  22:15  Marine x2  
  117  22:17  Marine  
  119  22:29  Thor, Siege Tank x2  
  131  22:33  Terran Vehicle Weapons Level 3, Marine x2  
  131  22:35  Terran Vehicle And Ship Armor Level 1  
  131  22:36  Marauder  
  135  22:51  Marine x2  
  136  22:57  Marauder  
  139  23:01  Siege Tank x2  
  145  23:08  Marine  
  145  23:09  Marine  
  145  23:12  Siege Tank  
  150  23:18  Marauder  
  152  23:22  Combat Shield  
  152  23:33  Siege Tank  
  152  23:34  Siege Tank  
  155  23:40  Marauder  
  157  23:44  Siege Tank  
  146  24:10  Orbital Command  
  146  24:11  SCV x2  
  146  24:13  Marauder, Marine x2  
  152  24:23  SCV x2  
  154  24:30  Marine  
  154  24:31  Marine  
  156  24:34  Marauder  
  156  24:35  SCV x2  
  160  24:41  Concussive Shells  
  160  24:48  Marine x2  
  155  24:56  Marauder  
  149  25:06  Marine  
  143  25:15  Thor  
  143  25:16  Thor x2  
  143  25:17  Marauder  
  160  25:39  Marauder  
Show
View Real Time Build Order
Export as new Build Order

DDevill Terran - Winner!

Build Orders:  

Get SALT Encoding   

  12  0:03  SCV  
  13  0:17  SCV  
  14  0:24  Supply Depot  
  14  0:29  SCV  
  15  0:42  Refinery  
  15  0:45  SCV  
  15  0:47  Barracks  
  16  0:59  SCV  
  17  1:06  Barracks  
  17  1:11  SCV  
  18  1:23  SCV  
  18  1:35  SCV  
  19  1:43  Marine  
  20  1:48  Orbital Command  
  20  1:52  Factory  
  20  1:57  Barracks Tech Lab  
  20  2:09  Marine  
  20  2:14  SCV  
  22  2:18  Supply Depot  
  22  2:28  Refinery  
  22  2:31  Barracks  
  22  2:34  Marine  
  23  2:40  Marine  
  23  2:41  SCV, Supply Depot  
  23  2:43  Factory Reactor  
  25  2:53  SCV  
  26  2:59  Starport  
  26  3:00  Marine  
  26  3:01  Marine  
  28  3:05  SCV  
  28  3:30  Marine  
  28  3:31  Marine  
  28  3:32  Stimpack  
  30  3:42  Marine  
  31  3:53  Medivac  
  33  3:57  Marine x2  
  33  4:00  Marine  
  33  4:01  SCV  
  37  4:05  Medivac  
  39  4:20  Supply Depot  
  39  4:26  Marine x3  
  42  4:58  SCV  
  43  5:10  SCV  
  43  5:13  Marine x3  
  47  5:18  Widow Mine  
  49  5:22  SCV  
  50  5:31  Marine x3  
  44  5:58  Marine x3  
  44  6:01  Medivac x2  
  51  6:09  Widow Mine  
  53  6:15  Command Center  
  53  6:16  Marine x2  
  55  6:19  Barracks  
  55  6:23  Supply Depot  
  55  6:44  Marine x2, Medivac  
  55  6:45  Widow Mine, Reaper  
  55  6:46  Supply Depot  
  62  7:02  Marine  
  62  7:17  Reaper  
  47  7:30  Orbital Command  
  47  7:31  Marine x2  
  48  7:48  Marine  
  48  7:49  Marine x2  
  51  7:55  Command Center  
  48  8:04  Engineering Bay  
  48  8:05  Orbital Command  
  48  8:06  Marine  
  48  8:08  Marine x2  
  48  8:09  Widow Mine  
  53  8:19  Liberator  
  56  8:20  Viking  
  56  8:23  Marine  
  56  8:24  Marine  
  56  8:25  Marine  
  56  8:26  Marine  
  62  8:31  Widow Mine  
  64  8:41  Marine  
  64  8:42  Marine  
  64  8:47  Marine  
  64  8:48  Marine  
  68  8:52  Widow Mine  
  70  8:59  SCV x2, Marine  
  70  9:00  Marine  
  74  9:05  Medivac  
  74  9:06  Medivac  
  74  9:07  Terran Infantry Armor Level 1  
  78  9:11  SCV x2  
  78  9:16  SCV  
  81  9:23  SCV x2  
  83  9:28  SCV  
  84  9:33  Widow Mine  
  84  9:35  SCV x2  
  84  9:36  Combat Shield  
  88  9:38  Marine  
  88  9:39  Marine  
  90  9:45  Barracks  
  90  9:49  Factory  
  90  9:55  Widow Mine  
  90  9:56  Orbital Command, Marine  
  90  9:57  Marine  
  90  9:58  SCV  
  90  9:59  SCV  
  96  10:01  Marine x2  
  98  10:10  SCV  
  99  10:16  Widow Mine  
  101  10:49  Marine x3  
  103  10:50  Marine x2  
  103  10:51  Widow Mine  
  108  11:01  Liberator  
  109  11:27  Marine  
  109  11:28  Marine  
  109  11:30  Widow Mine  
  109  11:33  Marine  
  109  11:35  Marine  
  109  11:36  Marine  
  109  11:41  Supply Depot  
  109  11:43  Supply Depot  
  109  11:44  Marine, Supply Depot  
  109  12:02  Liberator, Marine x3  
  109  12:03  Widow Mine  
  109  12:04  Marine x2, Liberator  
  122  12:13  Terran Infantry Weapons Level 1  
  122  12:18  SCV x3  
  122  12:19  Armory  
  122  12:20  Refinery x2, Marine x3  
  122  12:22  Marine x2  
  130  12:24  Widow Mine  
  130  12:27  Command Center x2  
  132  12:30  SCV  
  132  12:36  SCV x2  
  132  12:38  Marine x2  
  132  12:42  Marine x2  
  133  12:47  Marine  
  129  12:56  Marine x2  
  127  12:59  Marine  
  127  13:00  Marine  
  127  13:05  Marine  
  124  13:14  Marine x2  
  124  13:17  Marine  
  124  13:18  Marine  
  125  13:20  Widow Mine  
  125  13:22  Marine  
  128  13:32  Marine x2  
  128  13:34  Medivac x2  
  129  13:35  Marine  
  129  13:36  Marine  
  129  13:40  Marine  
  118  13:41  Widow Mine  
  118  13:49  Marine x2  
  118  13:53  Marine  
  118  13:54  Marine  
  122  13:56  Orbital Command x2  
  122  13:58  SCV x3, Marine  
  126  14:03  Widow Mine, Medivac  
  126  14:07  Marine x2  
  132  14:10  SCV x3  
  132  14:11  Marine  
  132  14:12  Marine  
  132  14:16  Marine  
  137  14:24  Widow Mine  
  137  14:25  Marine x2  
  137  14:28  Marine  
  137  14:29  Marine  
  143  14:43  Marine x3  
  143  14:45  Medivac x2  
  150  14:46  Widow Mine, Marine  
  150  14:47  Marine  
  150  14:51  Refinery  
  154  14:55  Terran Infantry Armor Level 2  
  154  14:59  Terran Vehicle Weapons Level 1  
  154  15:00  Engineering Bay  
  154  15:01  Marine x3  
  154  15:04  Marine  
  154  15:05  Marine  
  159  15:14  Command Center  
  159  15:15  Medivac  
  159  15:19  Marine x2  
  163  15:27  Marine  
  163  15:28  Marine x2  
  120  15:37  Marine x2  
  122  15:45  Marine  
  122  15:46  Marine x2  
  122  15:49  SCV  
  121  15:54  Marine  
  121  15:55  Marine  
  123  16:00  Barracks  
  123  16:02  Barracks  
  123  16:03  Barracks, Marine x2  
  123  16:04  Marine  
  126  16:12  Marine x2  
  128  16:20  Marine  
  128  16:21  Widow Mine, Marine x2  
  133  16:30  Marine x2  
  135  16:37  Terran Infantry Weapons Level 2  
  135  16:38  Marine  
  135  16:39  Marine x2  
  138  16:43  Widow Mine  
  140  16:48  Marine x2  
  142  16:56  Marine  
  142  16:57  Marine x2  
  145  17:04  Widow Mine  
  145  17:06  Marine x2  
  149  17:14  Marine  
  149  17:15  Marine x2  
  134  17:23  Marine  
  134  17:24  Marine  
  134  17:25  Widow Mine  
  136  17:32  Marine x2  
  136  17:33  Marine  
  137  17:44  Marine x5  
  137  17:45  Liberator x2  
  137  17:47  Widow Mine  
  137  17:49  Marine  
  137  17:50  Marine x2  
  153  17:52  Barracks  
  153  17:56  Barracks  
  149  18:02  Marine x5  
  138  18:07  Marine  
  138  18:08  Marine x2  
  138  18:10  Command Center  
  123  18:19  Marine  
  112  18:28  Liberator x2  
  112  18:31  Marine  
  112  18:32  Marine x6  
  120  18:37  Marine  
  120  18:40  Terran Vehicle Weapons Level 2  
  121  18:42  Terran Infantry Armor Level 3  
  119  18:49  Marine  
  119  18:50  Marine x6  
  119  18:54  Terran Infantry Weapons Level 3  
  119  18:55  Marine  
  112  19:07  Marine x6  
  112  19:08  Marine  
  117  19:13  Marine  
  106  19:25  Marine x7  
  106  19:31  Marine x2  
  114  19:32  Marine  
  104  19:43  Marine x7  
  98  19:48  Marine  
  98  19:49  Marine x2  
  94  19:53  Medivac x2  
  98  20:01  Marine x7  
  98  20:06  Marine  
  104  20:07  Marine x2  
  104  20:13  Orbital Command  
  106  20:18  Marine  
  106  20:19  Marine x6  
  113  20:23  Medivac x2  
  113  20:24  Marine  
  113  20:25  Marine x2  
  111  20:49  Marine x4  
  96  20:50  Marine x6  
  96  20:53  Medivac x2  
  104  21:07  Marine x7  
  104  21:08  Marine x3  
  109  21:25  Marine x10  
  119  21:35  Widow Mine  
  121  21:43  Marine x10  
  131  21:56  Widow Mine  
  131  22:00  Marine  
  131  22:01  Marine x3  
  137  22:11  Command Center  
  137  22:15  Refinery  
  136  22:18  Widow Mine  
  138  22:39  Widow Mine  
  110  23:15  Orbital Command  
  110  23:16  Marine x10  
  110  23:18  Medivac  
  119  23:33  Marine  
  119  23:34  Marine x9  
  117  23:47  Missile Turret  
  117  23:51  Marine x3  
  117  23:52  Marine x7  
  124  24:06  Medivac x2  
  124  24:09  Marine x5  
  133  24:32  Orbital Command  
  133  24:34  Widow Mine  
  133  24:36  Medivac  
  135  24:56  Widow Mine  
  136  25:03  Marine  
  136  25:04  Marine x9  
  144  25:17  Widow Mine  
  135  25:21  Marine x4  
  109  26:27  Marine x7  
  109  26:28  Marine x3  
  119  26:35  Orbital Command  
  119  26:45  Marine x10  
  119  26:47  Missile Turret  
Tags
 
Add a new tag
Caveats
  • Supply blocks, unpowered buildings, or Contaminate may cause inaccurate times.
  • Supply counts are checked every 10 seconds.